 Dungeon Crawl Stone Soup version 0.22-a0-848-ge9e22a0 (webtiles) character file.

2 mhoghedin the Magician (level 1, 1/10 HPs)
             Began as a Kobold Wizard on July 26, 2018.
             Quit the game on level 2 of the Dungeon.
             The game lasted 00:00:31 (94 turns).

mhoghedin the Magician (Kobold Wizard)                Turns: 94, Time: 00:00:32

Health: 1/10       AC:  2    Str:  4    XL:     1   Next: 33%
Magic:  0/4        EV: 12    Int: 19    God:
Gold:   0          SH:  6    Dex: 13    Spells: 5/6 levels left

rFire    + . .     SeeInvis .   (weapon restricted)
rCold    . . .     Gourm    .   e - +0 shield {rF+}
rNeg     . . .     Faith    .   a - +0 robe
rPois    .         Spirit   .   b - +0 hat
rElec    .         Reflect  .   (no cloak)
rCorr    .         Harm     .   (no gloves)
MR       .....                  (no boots)
Stlth    ++........             (no amulet)
HPRegen  0.03/turn              (no ring)
MPRegen  0.09/turn              (no ring)

@: very slightly contaminated
A: small, carnivore
a: no special abilities


You were on level 2 of the Dungeon.
You were not hungry.

You visited 1 branch of the dungeon, and saw 2 of its levels.

Inventory:

Armour
 a - a +0 robe (worn)
 b - a +0 hat (worn)
 e - a +0 shield of fire resistance (worn)
   (You found it on level 1 of the Dungeon)
Potions
 c - a potion of haste {unknown}
 f - a potion of mutation {unknown}
Comestibles
 d - a ration


   Skills:
 + Level 0.2 Fighting
 + Level 2.5 Dodging
 + Level 2.8 Stealth
 - Level 3.2 Spellcasting
 - Level 1.0 Conjurations
   Level 1.0 Summonings
   Level 1.0 Translocations


You had 5 spell levels left.
You knew the following spells:

 Your Spells              Type           Power        Failure   Level  Hunger
a - Magic Dart            Conj           #...         56%         1    None

Your spell library contained the following spells:

 Spells                   Type           Power        Failure   Level  Hunger
 Conjure Flame            Conj/Fire      #.......     95%         3    ###....
 Slow                     Hex            #.......     85%         2    ##.....
 Mephitic Cloud           Conj/Pois/Air  #.......     95%         3    ###....
 Blink                    Tloc           N/A          71%         2    ##.....
 Call Imp                 Summ           #.......     71%         2    ##.....


Dungeon Overview and Level Annotations

Branches:
Dungeon (2/15)

Altars:


Innate Abilities, Weirdness & Mutations

You are small and have problems with some larger weapons.
You are carnivorous and can eat meat at any time.


Message History

Hello, welcome to Dungeon Crawl Stone Soup 0.22-a0-848-ge9e22a0! (c) Copyright 1997-2002 Linley Henzell, 2002-2018 Crawl DevTeam Read the instructions for legal details. (Options read from mhoghedin.rc.) Welcome, mhoghedin the Kobold Wizard.
It is said that the Orb of Zot exists deep within this dungeon.
Found a staircase leading out of the dungeon.
Found a runed shield.
c - a dark potion You see here a runed shield.
e - a runed shield You start putting on your armour.
You continue putting on your runed shield. x4
You finish putting on your +0 shield of fire resistance.
You feel resistant to fire.
f - an orange potion
Found an escape hatch in the floor.
A kobold comes into view. It is wielding a dagger.
Aim: a kobold, wielding a dagger (resting)
The magic dart hits the kobold.
The kobold shouts!
You hear a bark! x2
You now have 3/4 mp.
You don't know that spell.
Aim: a kobold, wielding a dagger (moderately wounded)
The magic dart hits the kobold.
You kill the kobold!
You now have 2/4 mp.
A jackal comes into view.
A jackal comes into view.
A jackal comes into view.
The jackal bites you.
You take 3 damage, and have 7/10 hp.
MASSIVE DAMAGE!!
The jackal stops to sniff the ground.
The jackal barely misses you.
A jackal comes into view.
The jackal closely misses you.
The jackal barks! x2
You block the jackal's attack. The jackal bites you.
There is an escape hatch in the floor here.
You take 2 damage, and have 5/10 hp.
The jackal barely misses you. The jackal misses you.
You slide downwards.
The hatch slams shut behind you.
A rat comes into view.
The jackal closely misses you. The jackal misses you.
The jackal closely misses you. The jackal closely misses you.
The jackal misses you. The jackal bites you.
* * * LOW HITPOINT WARNING * * *
You take 2 damage, and have 3/10 hp.
You barely miss the jackal. The jackal bites you.
* * * LOW HITPOINT WARNING * * *
You take 1 damage, and have 2/10 hp.
Aim: a jackal The magic dart hits the jackal.
The jackal closely misses you. The jackal bites you.
* * * LOW HITPOINT WARNING * * *
You take 1 damage, and have 1/10 hp.
You now have 2/4 mp.
Aim: a jackal (severely wounded)
The magic dart hits the jackal.
You kill the jackal!
You now have 1/4 mp.
Aim: a jackal You miscast Magic Dart.
You are very lightly contaminated with residual magic.
Your hair stands on end.
The jackal closely misses you.
You now have 0/4 mp.
Okay, then.

#+# #.# #@#
## #h#
...###r####
...........#
...........#
...........#
...........#
#.........?#
#..........#


You could see a jackal and a rat.

Vanquished Creatures
  A jackal (D:2)
  A kobold (D:1)
2 creatures vanquished.

Notes
Turn   | Place    | Note
-------+----------+-------------------------------------------
     0 | D:1      | mhoghedin the Kobold Wizard began the quest for the Orb.
     0 | D:1      | Reached XP level 1. HP: 10/10 MP: 4/4
    90 | D:2      | HP: 2/10 [jackal (1)]
    94 | D:2      | Quit the game

Vault maps used:
D:1:      dpeg_arrival_snail
D:2:      uniq_sigmund

Action                   || total
-------------------------++-------
Melee: Unarmed           ||     1
 Cast: Magic Dart        ||     4
Dodge: Dodged            ||    11
Block: Shield            ||     1

Table legend:
 A = Spawn XP
 B = Non-spawn XP
 C = Spawn XP percentage of total XP
 D = Spawn monster count
 E = Non-spawn monster count
 F = Spawn count percentage of total count
 G = Total turns spent on level
                    A         B        C        D         E        F      G
               +---------+---------+-------+---------+---------+-------+---------
         Total |       0 |       3 |   0.0 |       0 |       2 |   0.0 |    94
               +---------+---------+-------+---------+---------+-------+---------
           D:1 |       0 |       1 |   0.0 |       0 |       1 |   0.0 |    83
           D:2 |       0 |       2 |   0.0 |       0 |       1 |   0.0 |    11
               +---------+---------+-------+---------+---------+-------+---------

Vault maps used:
D:1:      dpeg_arrival_snail
D:2:      uniq_sigmund

Table legend:
 A = Turns spent in this place as a percentage of turns spent in the entire game.
 B = Non-inter-level travel turns spent in this place as a percentage of non-inter-level travel turns spent in the entire game.
 C = Inter-level travel turns spent in this place as a percentage of turns spent in this place.
 D = Turns resting spent in this place as a percentage of non-inter-level travel turns spent in this place.
 E = Turns spent auto-exploring this place as a percentage of non-inter-level travel turns spent in this place.
 F = Non-inter-level travel turns spent in this place divided by the number of levels of this place that you've seen.
                   A       B       C       D       E      F
               +-------+-------+-------+-------+-------+----------------------
         Total | 100.0 | 100.0 |   0.0 |   0.0 |  61.7 |  47.0
       Dungeon | 100.0 | 100.0 |   0.0 |   0.0 |  61.7 |  47.0
               +-------+-------+-------+-------+-------+----------------------

Table legend:
 A = Kills in this place as a percentage of kills in entire the game.
 B = Kills by you in this place as a percentage of kills by you in the entire game.
 C = Kills by friends in this place as a percentage of kills by friends in the entire game.
 D = Other kills in this place as a percentage of other kills in the entire game.
 E = Experience gained in this place as a percentage of experience gained in the entire game.
 F = Experience gained in this place divided by the number of levels of this place that you have seen.
                   A       B       C       D       E      F
               +-------+-------+-------+-------+-------+----------------------
         Total | 100.0 | 100.0 |   N/A |   N/A | 100.0 |   1.5
       Dungeon | 100.0 | 100.0 |   N/A |   N/A | 100.0 |   1.5
               +-------+-------+-------+-------+-------+----------------------
